Map: 블루시프트 - 래더

Players

Solar

  • Race: Zerg Zerg
  • League: Master
  • Spawn Location: 1:00

Zest - Winner!

  • Race: Protoss Protoss
  • League: Master
  • Spawn Location: 7:00

Event: IEM Season 13 - Katowice Server Qualifiers Asia 1

VOD

Have the link to the VOD?

Description

Time

  • Played on: Jan. 14, 2019, 4:20 a.m.
  • Length: 13:21

All games in this series

Show
View Real Time Build Order
Export as new Build Order

Solar Zerg 

Build Orders: Hatch First, Swarm Host 

Get SALT Encoding   

  12  0:01  Drone  
  13  0:12  Overlord  
  13  0:17  Drone  
  14  0:31  Drone  
  15  0:44  Hatchery  
  15  0:48  Drone  
  15  0:51  Drone  
  15  0:55  Drone  
  17  1:01  Drone  
  18  1:10  Extractor  
  17  1:18  Drone  
  18  1:20  Spawning Pool  
  18  1:22  Drone  
  18  1:32  Drone  
  19  1:42  Drone  
  20  1:56  Overlord  
  20  2:00  Drone  
  21  2:07  Queen x2  
  26  2:08  Zergling x4  
  26  2:13  Metabolic Boost  
  27  2:19  Drone x2  
  29  2:30  Drone  
  30  2:38  Hatchery  
  30  2:41  Drone  
  30  2:45  Drone  
  30  2:50  Queen  
  33  2:54  Overlord  
  33  2:57  Zergling x2  
  34  2:59  Zergling x2  
  34  3:02  Zergling x2  
  35  3:06  Zergling x2  
  35  3:10  Spore Crawler  
  33  3:13  Drone  
  33  3:14  Drone  
  33  3:17  Drone x2  
  36  3:20  Drone  
  36  3:25  Drone x2  
  38  3:29  Drone  
  38  3:33  Overlord  
  38  3:38  Overlord  
  38  3:44  Spore Crawler  
  37  3:52  Drone x2  
  37  3:54  Drone x2  
  37  3:55  Drone  
  41  3:59  Queen  
  42  4:05  Drone x3  
  42  4:07  Drone  
  46  4:12  Queen  
  46  4:14  Drone  
  46  4:16  Drone  
  50  4:18  Spore Crawler  
  50  4:22  Drone x2  
  51  4:25  Overlord  
  51  4:27  Drone  
  51  4:29  Drone  
  51  4:30  Drone  
  54  4:32  Drone  
  54  4:33  Drone  
  54  4:34  Drone  
  57  4:42  Queen, Drone  
  57  4:45  Extractor, Drone  
  59  4:51  Zergling x2  
  59  4:52  Zergling x6  
  62  4:56  Lair  
  62  4:57  Overlord  
  62  5:00  Overlord  
  62  5:02  Drone x2  
  62  5:03  Drone  
  62  5:06  Drone  
  66  5:10  Roach Warren  
  66  5:12  Extractor, Drone  
  66  5:13  Extractor  
  64  5:15  Drone x2  
  64  5:17  Drone  
  64  5:19  Overlord  
  67  5:22  Drone x2  
  67  5:25  Drone x2  
  67  5:27  Zergling x4  
  72  5:28  Zergling x2  
  72  5:29  Zergling x2  
  72  5:35  Zergling x6  
  73  5:36  Zergling x2  
  73  5:40  Drone x2  
  75  5:44  Overlord, Extractor  
  75  5:48  Overlord  
  74  5:54  Roach x4  
  74  5:55  Glial Reconstitution  
  84  5:57  Roach  
  84  6:00  Roach  
  90  6:04  Roach x2  
  90  6:07  Overlord  
  90  6:11  Roach x2  
  91  6:16  Roach x3  
  91  6:17  Roach  
  98  6:20  Roach  
  98  6:23  Overlord, Roach  
  102  6:32  Roach x4  
  110  6:35  Overseer  
  110  6:38  Roach  
  112  6:43  Roach x4  
  112  6:45  Overlord  
  120  6:48  Roach  
  122  6:56  Overlord  
  121  7:04  Roach x3  
  121  7:07  Roach x2  
  127  7:10  Roach x3  
  127  7:12  Roach  
  127  7:13  Roach x3  
  127  7:15  Roach  
  124  7:19  Roach x2  
  113  7:24  Roach  
  113  7:25  Roach  
  112  7:30  Roach  
  112  7:35  Drone x3  
  112  7:36  Drone x2  
  115  7:38  Drone  
  116  7:44  Drone  
  116  7:45  Drone  
  116  7:46  Queen  
  116  7:50  Drone  
  115  7:55  Drone  
  115  7:57  Drone  
  115  7:59  Drone  
  108  8:06  Drone  
  108  8:08  Drone  
  108  8:10  Drone  
  108  8:12  Drone x3  
  98  8:18  Roach x4  
  88  8:23  Roach  
  86  8:31  Roach x3, Extractor  
  86  8:34  Infestation Pit  
  86  8:35  Extractor  
  86  8:39  Evolution Chamber  
  86  8:41  Drone x4  
  83  8:42  Overlord  
  83  8:43  Drone  
  83  8:46  Drone  
  86  8:57  Drone  
  86  8:59  Drone x2  
  86  9:02  Overlord x2  
  89  9:05  Overlord  
  89  9:09  Swarm Host x5  
  104  9:13  Overseer  
  104  9:15  Queen x2, Zerg Missile Weapons Level 1  
  108  9:18  Swarm Host  
  111  9:25  Swarm Host x3  
  120  9:32  Swarm Host x2  
  120  9:38  Swarm Host  
  129  9:43  Swarm Host x2  
  134  9:54  Swarm Host x2  
  134  9:55  Hatchery  
  140  10:06  Hatchery  
  135  10:07  Drone x2  
  135  10:10  Roach x3  
  135  10:11  Overlord x3  
  142  10:15  Roach x2  
  142  10:20  Ravager x3  
  153  10:21  Roach x2  
  153  10:29  Overlord  
  153  10:31  Roach x3  
  153  10:33  Roach  
  153  10:35  Roach  
  160  10:36  Roach  
  160  10:38  Roach  
  160  10:40  Roach  
  160  10:42  Roach  
  168  10:46  Overlord  
  168  10:49  Roach  
  172  10:50  Roach  
  172  10:55  Ravager x3  
  172  10:56  Roach  
  172  10:57  Roach  
  179  11:03  Roach  
  179  11:04  Roach x2  
  185  11:09  Roach x2  
  185  11:10  Roach  
  191  11:13  Roach  
  191  11:18  Ravager x2  
  195  11:19  Roach  
  195  11:23  Roach  
  189  11:48  Roach  
  189  11:49  Roach x4  
  189  11:51  Roach  
  199  12:00  Zergling x2  
  199  12:01  Zergling x6, Hydralisk Den  
  200  12:15  Roach  
  197  12:22  Roach  
  197  12:23  Roach x2  
  197  12:28  Roach x2  
  192  12:31  Roach  
  192  12:33  Roach x2  
  192  12:34  Roach x2  
  192  12:36  Roach x2  
  187  12:40  Roach x3  
  187  12:42  Roach  
  187  12:43  Roach x5  
  182  12:44  Roach x2  
  182  12:45  Roach x2  
  182  12:47  Roach  
  141  12:51  Roach  
  141  12:54  Hydralisk x2  
  141  12:56  Hydralisk  
Show
View Real Time Build Order
Export as new Build Order

Zest Protoss - Winner!

Build Orders: 1 Gate Expand, Oracle Opening, Archon Immortal, Archon Drop 

Get SALT Encoding   

  12  0:01  Probe  
  13  0:13  Probe  
  14  0:18  Pylon  
  14  0:24  Probe  
  15  0:32  Probe  
  15  0:38  Gateway  
  15  0:40  Probe  
  16  0:48  Assimilator  
  17  0:52  Probe  
  18  1:04  Probe  
  19  1:16  Probe  
  20  1:26  Cybernetics Core  
  20  1:34  Nexus  
  20  1:38  Probe  
  21  1:44  Pylon  
  21  1:50  Probe  
  21  1:52  Assimilator  
  21  1:54  Adept  
  22  2:02  Probe  
  25  2:12  Adept  
  25  2:14  Probe  
  28  2:26  Probe  
  28  2:29  Stargate  
  29  2:38  Probe  
  30  2:46  Probe, Stalker  
  30  2:48  Warp Gate  
  30  2:51  Probe  
  34  2:58  Probe  
  34  3:03  Probe  
  36  3:10  Probe  
  36  3:12  Oracle  
  37  3:15  Probe  
  36  3:23  Probe  
  40  3:27  Probe  
  40  3:29  Zealot  
  41  3:35  Probe  
  41  3:37  Gateway  
  41  3:38  Shield Battery  
  41  3:39  Oracle, Probe  
  43  3:41  Assimilator  
  43  3:44  Assimilator  
  43  3:47  Pylon  
  43  3:53  Gateway  
  45  3:57  Pylon  
  45  4:02  Gateway, Probe  
  46  4:07  Probe  
  47  4:10  Robotics Facility  
  47  4:15  Probe  
  48  4:23  Twilight Council  
  49  4:24  Probe  
  49  4:27  Probe  
  49  4:29  Pylon  
  50  4:36  Probe, Gateway x2  
  50  4:37  Charge  
  51  4:48  Warp Prism  
  51  4:52  Probe x2  
  50  4:57  Gateway x2  
  52  5:07  Templar Archives  
  52  5:13  Zealot  
  54  5:15  Adept  
  54  5:19  Probe x2  
  58  5:27  Pylon  
  57  5:45  High Templar x3  
  57  5:46  High Templar  
  57  5:48  Probe x2  
  67  5:51  Archon x2  
  67  5:52  Nexus  
  67  5:54  Pylon  
  67  5:56  Zealot x2  
  71  6:07  Shield Battery  
  71  6:27  Zealot x6  
  71  6:32  Pylon x2  
  83  6:38  Pylon  
  83  6:51  Immortal  
  83  6:53  Zealot x6  
  95  7:00  Probe x2  
  97  7:04  Pylon  
  91  7:17  Immortal, Stalker x3  
  91  7:18  Sentry x2  
  85  7:29  Void Ray  
  80  7:52  High Templar x4  
  80  7:53  Zealot x2  
  80  7:56  Archon x2  
  78  8:13  Zealot x2  
  82  8:27  Void Ray  
  86  8:42  Sentry x2  
  86  8:43  Sentry, Zealot x3  
  86  8:44  Probe x2  
  86  8:47  Probe, Immortal  
  101  8:56  Probe, Gateway  
  101  8:58  Gateway  
  101  8:59  Probe x2, Gateway  
  101  9:01  Gateway  
  104  9:07  Pylon  
  104  9:08  Probe  
  105  9:11  Pylon  
  105  9:15  High Templar x2  
  105  9:16  Zealot x2  
  113  9:20  Archon  
  113  9:23  Probe x2  
  115  9:31  Assimilator  
  115  9:33  Probe  
  115  9:34  Assimilator  
  116  9:40  Immortal  
  116  9:43  Shield Battery  
  116  9:51  Probe x2  
  122  10:11  High Templar x4, Zealot, Blink  
  122  10:12  Pylon  
  132  10:15  Archon x2  
  132  10:16  Pylon  
  132  10:17  Pylon  
  132  10:19  Pylon  
  132  10:21  Pylon  
  132  10:26  Immortal  
  132  10:30  Forge  
  136  10:39  Protoss Ground Weapons Level 1  
  136  10:46  High Templar x2  
  136  10:47  Zealot x8, Shield Battery  
  156  10:51  Archon  
  156  10:59  Observer  
  157  11:13  Dark Shrine, Observer  
  158  11:27  Pylon  
  158  11:29  Nexus, Pylon x2  
  158  11:31  Pylon  
  156  11:34  Zealot x4  
  158  11:50  Immortal  
  158  11:51  High Templar x4, Zealot x2  
  168  11:55  Archon  
  172  12:06  Archon  
  172  12:13  Probe x2  
  172  12:14  Pylon  
  174  12:19  Zealot x6  
  128  12:45  Zealot x8  
  116  13:03  Zealot  
  116  13:04  Zealot  
  105  13:16  Stalker  
  105  13:17  Stalker  
  105  13:19  High Templar  
  95  13:20  High Templar x5  

Tags
 
Add a new tag
Caveats
  • Supply blocks, unpowered buildings, or Contaminate may cause inaccurate times.
  • Supply counts are checked every 10 seconds.